Map: [ESL] Crimson Court

Players

SCV

  • Race: Protoss Protoss
  • Spawn Location: 7:00

Jieshi - Winner!

  • Race: Protoss Protoss
  • Spawn Location: 1:00

Event: ESL SC2 Masters 2024 Spring (Regional)

VOD

Have the link to the VOD?

Description

Time

  • Played on: April 11, 2024, 7:35 a.m.
  • Length: 10:06

All games in this series

Show
View Real Time Build Order
Export as new Build Order

SCV Protoss 

Build Orders: Oracle Opening 

Get SALT Encoding   

  12  0:00  Probe  
  13  0:12  Probe  
  14  0:17  Pylon  
  14  0:24  Probe (Chrono Boost)  
  15  0:36  Probe (Chrono Boost)  
  15  0:37  Gateway  
  16  0:44  Probe (Chrono Boost)  
  16  0:45  Assimilator  
  17  0:50  Probe  
  17  0:54  Assimilator  
  18  1:03  Probe (Chrono Boost)  
  19  1:07  Gateway  
  19  1:14  Probe (Chrono Boost)  
  20  1:18  Probe (Chrono Boost)  
  20  1:24  Cybernetics Core  
  21  1:29  Probe  
  21  1:32  Pylon  
  22  1:41  Probe  
  23  1:53  Probe  
  24  2:00  Adept  
  24  2:01  Warp Gate, Adept  
  26  2:05  Pylon  
  28  2:20  Stargate  
  28  2:25  Pylon  
  28  2:34  Stalker  
  32  2:59  Nexus  
  32  3:02  Probe  
  32  3:03  Oracle (Chrono Boost)  
  34  3:13  Shield Battery  
  34  3:14  Probe  
  35  3:23  Pylon  
  35  3:26  Probe  
  36  3:30  Oracle (Chrono Boost)  
  39  3:41  Probe  
  40  3:50  Twilight Council  
  37  3:57  Stalker  
  37  4:02  Stalker  
  40  4:09  Shield Battery  
  40  4:11  Probe  
  40  4:13  Probe  
  41  4:26  Stalker  
  41  4:28  Stalker  
  45  4:33  Probe  
  45  4:34  Probe  
  45  4:37  Blink (Chrono Boost)  
  44  4:46  Probe (Chrono Boost)  
  44  4:48  Probe (Chrono Boost)  
  46  4:58  Probe (Chrono Boost)  
  48  5:02  Probe (Chrono Boost)  
  48  5:03  Probe (Chrono Boost)  
  49  5:10  Probe  
  49  5:12  Probe, Gateway  
  49  5:13  Gateway  
  48  5:21  Robotics Facility  
  48  5:22  Probe  
  48  5:24  Probe  
  48  5:34  Probe  
  49  5:36  Assimilator, Stalker, Probe  
  49  5:37  Stalker  
  54  5:44  Pylon  
  54  5:46  Probe  
  54  5:48  Probe  
  56  5:59  Stalker  
  56  6:00  Stalker  
  60  6:05  Pylon, Observer  
  61  6:14  Nexus  
  61  6:16  Probe x2  
  63  6:28  Probe x2  
  65  6:34  Stalker x3  
  71  6:43  Observer (Chrono Boost)  
  71  6:45  Probe  
  71  6:46  Pylon  
  70  6:47  Probe  
  68  6:57  Probe  
  68  7:00  Probe  
  67  7:09  Probe  
  67  7:12  Probe  
  67  7:14  Forge  
  69  7:16  Pylon  
  69  7:22  Probe (Chrono Boost)  
  70  7:25  Probe (Chrono Boost)  
  70  7:26  Robotics Bay  
  70  7:27  Probe (Chrono Boost)  
  72  7:30  Sentry  
  72  7:32  Stalker x2  
  72  7:34  Stalker, Probe (Chrono Boost)  
  72  7:36  Probe (Chrono Boost)  
  83  7:37  Probe (Chrono Boost)  
  83  7:39  Probe (Chrono Boost)  
  83  7:41  Probe (Chrono Boost)  
  83  7:43  Probe  
  85  7:46  Pylon  
  85  7:48  Protoss Ground Weapons Level 1  
  86  8:04  Pylon  
  86  8:06  Photon Cannon  
  86  8:08  Photon Cannon  
  86  8:10  Gateway  
  86  8:11  Stalker x2  
  86  8:12  Gateway  
  86  8:31  Probe x3  
  86  8:33  Disruptor (Chrono Boost)  
  89  8:39  Pylon  
  89  8:40  Assimilator  
  93  8:45  Assimilator  
  93  8:46  Probe x2  
  93  8:47  Probe  
  96  8:49  Pylon  
  96  8:59  Pylon  
  96  9:00  Gateway  
  96  9:02  Disruptor (Chrono Boost)  
  99  9:15  Stalker x3  
  105  9:23  Stalker x3  
  105  9:35  Probe  
  105  9:36  Observer (Chrono Boost)  
  85  9:47  Stalker x5  
  85  9:50  Stalker  
  85  9:52  Probe  
  84  9:56  Zealot  
Show
View Real Time Build Order
Export as new Build Order

Jieshi Protoss - Winner!

Build Orders: Oracle Opening 

Get SALT Encoding   

  12  0:00  Probe  
  13  0:12  Probe  
  14  0:17  Pylon  
  14  0:25  Probe (Chrono Boost)  
  16  0:37  Probe (Chrono Boost), Gateway  
  16  0:43  Probe (Chrono Boost)  
  16  0:46  Assimilator  
  17  0:51  Probe  
  17  0:54  Assimilator  
  18  1:03  Probe (Chrono Boost)  
  19  1:07  Gateway  
  19  1:12  Probe (Chrono Boost)  
  19  1:17  Probe (Chrono Boost)  
  20  1:24  Cybernetics Core  
  21  1:29  Probe  
  22  1:36  Pylon  
  22  1:41  Probe  
  23  1:54  Probe  
  23  2:00  Warp Gate, Stalker  
  26  2:02  Stalker  
  28  2:09  Pylon  
  28  2:20  Stargate  
  31  2:49  Nexus  
  27  2:51  Shield Battery  
  27  2:54  Probe  
  28  3:02  Oracle (Chrono Boost)  
  31  3:07  Probe  
  32  3:17  Twilight Council  
  32  3:19  Probe  
  33  3:31  Probe  
  34  3:44  Gateway  
  34  3:48  Gateway  
  34  3:55  Stalker x2  
  38  4:04  Blink (Chrono Boost)  
  38  4:06  Probe (Chrono Boost)  
  38  4:09  Probe (Chrono Boost)  
  40  4:20  Probe x2 (Chrono Boost)  
  42  4:25  Probe x2 (Chrono Boost)  
  44  4:33  Stalker  
  44  4:34  Probe  
  44  4:35  Probe  
  47  4:38  Stalker  
  47  4:44  Phoenix (Chrono Boost)  
  46  4:49  Probe  
  48  4:58  Dark Shrine  
  48  4:59  Probe  
  49  5:01  Probe  
  50  5:11  Probe  
  50  5:13  Probe  
  52  5:18  Pylon  
  52  5:23  Probe  
  52  5:25  Probe  
  54  5:33  Robotics Facility  
  54  5:35  Probe  
  52  5:38  Probe  
  53  5:44  Nexus  
  53  5:47  Pylon, Probe  
  54  5:50  Probe  
  54  5:54  Pylon  
  55  5:59  Probe  
  55  6:02  Probe  
  57  6:10  Dark Templar x2  
  61  6:11  Probe  
  61  6:16  Assimilator  
  61  6:17  Probe, Forge  
  63  6:19  Observer (Chrono Boost)  
  63  6:23  Probe  
  65  6:27  Stalker  
  65  6:28  Shield Battery  
  67  6:34  Probe  
  67  6:35  Probe  
  67  6:39  Warp Prism  
  67  6:48  Probe x2  
  69  6:59  Stalker x3  
  73  7:06  Protoss Ground Weapons Level 1 (Chrono Boost)  
  73  7:08  Probe (Chrono Boost)  
  75  7:14  Probe x2 (Chrono Boost)  
  76  7:16  Gateway  
  76  7:17  Probe (Chrono Boost)  
  76  7:18  Gateway x2  
  76  7:21  Probe x2 (Chrono Boost)  
  76  7:22  Probe (Chrono Boost)  
  79  7:27  Pylon  
  80  7:32  Probe  
  80  7:33  Charge (Chrono Boost)  
  80  7:34  Probe  
  80  7:35  Gateway x2  
  83  7:43  Photon Cannon  
  82  7:47  Photon Cannon  
  82  7:50  Pylon, Dark Templar  
  82  8:02  Dark Templar  
  82  8:03  Stalker  
  86  8:09  Pylon  
  86  8:21  Stalker  
  86  8:22  Stalker x2  
  92  8:31  Photon Cannon, Nexus  
  92  8:33  Pylon  
  90  8:35  Assimilator  
  90  8:36  Pylon  
  90  8:39  Stalker x3  
  96  8:42  Pylon  
  96  8:44  Zealot x3  
  96  8:45  Pylon, Zealot  
  104  8:50  Stalker  
  104  8:51  Stalker  
  108  9:01  Pylon  
  108  9:06  Stalker  
  108  9:07  Zealot x3, Stalker  
  108  9:09  Zealot  
  120  9:12  Stalker  
  122  9:19  Zealot x2  
  112  9:31  Stalker x2  
  112  9:32  Zealot x3, Stalker  
  120  9:43  Zealot  
  108  9:47  Stalker  
  108  9:50  Zealot  
  94  9:58  Zealot x5  
Tags
 
Add a new tag
Caveats
  • Supply blocks, unpowered buildings, or Contaminate may cause inaccurate times.
  • Supply counts are checked every 10 seconds.